 Dungeon Crawl Stone Soup version 0.24.0-5-g267a8d59f4 (webtiles) character file.

Game seed: 11481422056994385578, levelgen mode: deterministic

4 wullow the Slasher (level 1, 0/18 HPs)
             Began as a Naga Wanderer on Nov 2, 2019.
             Slain by a leopard gecko (3 damage)
             ... on level 1 of the Dungeon.
             The game lasted 00:00:46 (152 turns).

wullow the Slasher (Naga Wanderer)                   Turns: 152, Time: 00:00:46

Health: 0/18       AC:  1    Str: 11    XL:     1   Next: 70%
Magic:  1/2        EV:  9    Int: 13    God:
Gold:   14         SH:  0    Dex: 12    Spells: 1/2 levels left

rFire    . . .     SeeInvis +   a - +2 falchion
rCold    . . .     Gourm    .   (no shield)
rNeg     . . .     Faith    .   d - +0 robe
rPois    +         Spirit   .   (no helmet)
rElec    .         Reflect  .   (no cloak)
rCorr    .         Harm     .   (no gloves)
MR       .....                  (no barding)
Stlth    ++........             (no amulet)
HPRegen  0.06/turn              (no ring)
MPRegen  0.08/turn              (no ring)

@: very slow
A: large, see invisible, deformed body, poison resistance, slowness 2, slow
metabolism 1, spit poison 1, AC +0
a: Spit Poison


You were on level 1 of the Dungeon.
You were not hungry.

You visited 1 branch of the dungeon, and saw 1 of its levels.

You collected 14 gold pieces.

Inventory:

Hand Weapons
 a - a +2 falchion (weapon)
Missiles
 b - 6 arrows
Armour
 d - a +0 robe (worn)
Scrolls
 c - a scroll of fog {unknown}
 e - a scroll of identify {unknown}
Comestibles
 f - 2 rations


   Skills:
 + Level 1.1 Fighting
 + Level 4.0 Long Blades
 - Level 1.0 Throwing
 + Level 1.9 Stealth
 + Level 1.1 Spellcasting
   Level 1.0 Ice Magic
   Level 1.3 Poison Magic


You had one spell level left.
You knew the following spells:

 Your Spells              Type           Power        Failure   Level  Hunger
a - Summon Butterflies    Summ           #.......     28%         1    ##.....

Your spell library contained the following spells:

 Spells                   Type           Power        Failure   Level  Hunger
 Ensorcelled Hibernation  Hex/Ice        #.....       34%         2    ###....
 Throw Frost              Conj/Ice       #.....       34%         2    ###....
 Call Canine Familiar     Summ           #.......     63%         3    ####...


Dungeon Overview and Level Annotations

Branches:
Dungeon (1/15)

Altars:


Innate Abilities, Weirdness & Mutations

You cannot wear boots.
Your serpentine skin is tough. (AC +0)
You have supernaturally acute eyesight. (SInv)
Armour fits poorly on your strangely shaped body.
Your system is resistant to poisons. (rPois)
You cover ground very slowly.
You have a slow metabolism.
You can spit poison.


Message History

You are too injured to fight recklessly!
You are too injured to fight recklessly!
You are too injured to fight recklessly!
You are too injured to fight recklessly!
You are too injured to fight recklessly!
You are too injured to fight recklessly!
You are too injured to fight recklessly!
You are too injured to fight recklessly!
You are too injured to fight recklessly!
You are too injured to fight recklessly!
You are too injured to fight recklessly!
You are too injured to fight recklessly!
You are too injured to fight recklessly!
Unknown command.
Casting: Summon Butterflies (safe; 28% risk of failure)
Confirm with . or Enter, or press ? or * to list all spells.
The leopard gecko bites you.
* * * LOW HITPOINT WARNING * * *
The leopard gecko bites you.
You die...

###.#.#...#.............#
#.#.#...#######..####.
#.#.#...# ##.## #.#.#...#
#..# #.#.##### ##.# #.#.#
### #.# #.#.#
#...######.### #.#.#
#......b.?...# ###.#.#
#....b)@.....# ....#.#
#.....l..b...# ##....#
#.#.#.#..b...# ##.##.#
....>......?... ##.#### #
#.#.#.####....
##.######.......)# ....#
.........#.#.#.### ....#
##.#####..... ..
##.#######


You could see a leopard gecko.

Vanquished Creatures
  3 goblins (D:1)
  2 rats (D:1)
5 creatures vanquished.

Notes
Turn   | Place    | Note
-------+----------+-------------------------------------------
     0 | D:1      | wullow the Naga Wanderer began the quest for the Orb.
     0 | D:1      | wullow set off with the following items: a +2 falchion, a
                  | +0 robe, a ration; and the following spell memorised:
                  | Summon Butterflies; and the following spells available to
                  | memorise: Ensorcelled Hibernation, Throw Frost, Call Canine
                  | Familiar
     0 | D:1      | Reached XP level 1. HP: 18/18 MP: 2/2
   152 | D:1      | Slain by a leopard gecko

Levels and vault maps discovered:
D:1:      ncdulo_lavacross, layout_basic, st_stairs_8

Action                   || total
-------------------------++-------
Melee: Falchion          ||     9
 Cast: Summon Butterflie ||     1
 Stab: Sleeping          ||     1
Dodge: Dodged            ||     4
       Rpst.: Falchion   ||     1
